 Dungeon Crawl Stone Soup version 0.31-a0-868-g674d60d6f7 (webtiles) character file.

Game seed: 16268046635778338609

252 Dordric the Magician (level 6, -1/43 HPs)
             Began as a Djinni Warper on Oct 11, 2023.
             Slain by an orc
             ... wielding a +0 flail
              (6 damage)
             ... on level 4 of the Dungeon.
             The game lasted 00:03:06 (3022 turns).

Dordric the Magician (Djinni Warper)                Turns: 3022, Time: 00:03:06

Health: -1/43      AC:  9    Str: 10    XL:     6   Next: 36%
Gold:   274        EV:  5    Int: 14    God:
                   SH:  0    Dex: 15

rFire   + + .        p - +0 short sword (drain)
rCold   x . .        (no shield)
rNeg    . . .        j - +0 chain mail
rPois   ∞            o - +0 helmet
rElec   .            (no cloak)
rCorr   .            (no gloves)
SInv    .            (boots unavailable)
Will    .....        (no amulet) Stlth
                     (no ring)
HPRegen 0.27/turn    (no ring)
MPRegen 0.00/turn

%: infuse magic (-2 HP)
@: flying
A: sickness immunity, fire resistance 2, cold vulnerability 1, float, innate
caster, HP casting, extra vitality 1
a: no special abilities


You were on level 4 of the Dungeon.
You visited 1 branch of the dungeon, and saw 4 of its levels.

You collected 274 gold pieces.

Inventory:

Hand Weapons
 a - a +0 falchion
 p - a +0 short sword of draining (weapon)
Missiles
 d - 5 darts of dispersal
 m - 3 atropa-tipped darts
 v - 5 poisoned darts
Armour
 b - a +0 leather armour
 j - a +0 chain mail (worn)
 o - a +0 helmet (worn)
Jewellery
 q - a ring of resist corrosion
Wands
 u - a wand of roots (6)
Scrolls
 c - 2 scrolls of blinking
 e - 5 scrolls of teleportation
 i - a scroll of noise
 k - a scroll of brand weapon
 n - a scroll of enchant armour
 s - a scroll of fog {unknown}
 t - a scroll of identify
Potions
 f - a potion of might
 g - a potion of mutation {unknown}
 h - a potion of heal wounds {unknown}
 l - a potion of magic {unknown}
 r - 2 potions of haste {unknown}
 w - a potion of cancellation {unknown}


   Skills:
 - Level 2.0 Fighting
 + Level 4.1 Long Blades
 - Level 0.7 Throwing
 - Level 1.0 Armour
 - Level 2.1 Dodging
 + Level 4.1 Spellcasting
 + Level 4.1 Conjurations
 + Level 4.1 Hexes
   Level 0.0 Charms
 + Level 4.1 Summonings
 + Level 4.1 Necromancy
 + Level 4.1 Translocations
 + Level 4.1 Transmutations
 + Level 4.1 Fire Magic
 + Level 4.1 Ice Magic
 + Level 4.1 Air Magic
 + Level 4.1 Earth Magic
 + Level 4.1 Poison Magic


You knew the following spells:

 Your Spells              Type           Power      Damage    Failure   Level
a - Blink                 Tloc           28%        N/A       93%         2
b - Lesser Beckoning      Tloc           28%        N/A       93%         2
c - Teleport Other        Tloc           14%        N/A       99%         3
d - Manifold Assault      Tloc           14%        N/A       100%        4
e - Vhi's Electric Charg  Tloc/Air       28%        N/A       100%        4
f - Summon Small Mammal   Summ           56%        N/A       83%         1
g - Static Discharge      Conj/Air       28%        2-4/arc   93%         2
Your spell library was empty.

Dungeon Overview and Level Annotations

Branches:
Dungeon (4/15)
 Temple: D:4-7

Altars:
Cheibriados

Shops:
D:1 *

Annotations:
D:3 3 runed translucent doors, LeprechaunX's ghost, amateur OpSh; retardedninja's ghost, amateur GrFE


Innate Abilities, Weirdness & Mutations

You are immune to sickness and miasma.
You are immune to poison.
Your flesh is very heat resistant. (rF++)
You are vulnerable to cold. (rC-)
You float through the air rather than walking.
You learn spells naturally, not from books.
Your magical power is your life essence.
You have superior vitality. (+4 MHP)


Message History

The orc is moderately wounded.
The orc hits you with a +0 flail. Something hits you but does no damage.
You hit the orc but do no damage. You drain the orc.
The orc is severely wounded.
The orc barely misses you. The orc priest hits you with a +0 club.
Something hits you but does no damage.
You hit the orc but do no damage.
The orc is severely wounded.
The orc closely misses you. Something hits you but does no damage.
The orc priest calls down the wrath of Beogh upon you.
Pain shoots through your body!
You barely miss the orc.
The orc is severely wounded.
The orc barely misses you. Something hits you.
The orc priest hits you but does no damage.
You are too injured to fight recklessly!
You are too injured to fight recklessly!
You are too injured to fight recklessly!
You are too injured to fight recklessly!
You are too injured to fight recklessly!
You are too injured to fight recklessly!
You are too injured to fight recklessly!
You are too injured to fight recklessly!
You are too injured to fight recklessly!
You are too injured to fight recklessly!
You are too injured to fight recklessly!
You are too injured to fight recklessly!
You are too injured to fight recklessly!
You are too injured to fight recklessly!
You are too injured to fight recklessly!
You are too injured to fight recklessly!
You are too injured to fight recklessly!
You closely miss the orc priest. The orc hits you with a +0 flail.
You hear some strange, mumbled words.
A magic dart appears from out of thin air!
The magic dart hits you!
* * * LOW HITPOINT WARNING * * *
The orc priest looks braver for a moment.
You barely miss the orc priest. The orc hits you with a +0 flail.
You die...

.....≈.8.≈....##.#.##
.....≈..§§§......#.####
..<..≈≈§≈≈§ ..##......#
.....≈≈§≈≈§.. #......#
.....≈≈.≈§§.. #......#
.#...≈≈§§≈§...##......#
##...≈≈§§§§...........#
###...≈≈≈.....##..[...#
##......... #@o....#
##...... #{o....# ###..
.......# #. ........#
...####### .... .....
......


You could see an orc priest and an orc (very drained).

Vanquished Creatures
  2 scorpions (D:4)
  A hound (D:4)
  2 adders (D:4)
  A worm (D:3)
  2 dart slugs
  4 bats
  5 endoplasms
  4 giant cockroaches
  15 goblins
  6 hobgoblins
  7 jackals (D:4)
  7 kobolds
  4 quokkas
  6 ball pythons
  A frilled lizard (D:1)
  3 rats
70 creatures vanquished.

Notes
Turn   | Place    | Note
-------+----------+-------------------------------------------
     0 | D:1      | Dordric the Djinni Warper began the quest for the Orb.
     0 | D:1      | Dordric set off with the following spells memorised: Blink,
                  | Lesser Beckoning, Teleport Other, Manifold Assault, Vhi's
                  | Electric Charge.
     0 | D:1      | Reached XP level 1. HP: 18/18 MP: 0/0
   167 | D:1      | Reached XP level 2. HP: 23/23 MP: 0/0
   487 | D:1      | Reached XP level 3. HP: 28/28 MP: 0/0
   487 | D:1      | Learned a level 1 spell: Summon Small Mammal
   729 | D:1      | Found Mehexuv's General Store.
  1869 | D:3      | Reached XP level 4. HP: 32/33 MP: 0/0
  2031 | D:3      | Found a runed translucent gate.
  2031 | D:3      | Found a runed translucent gate.
  2031 | D:3      | Found a runed translucent gate.
  2111 | D:3      | Identified the +4 quarterstaff of Tartarus {speed, rElec
                  | rC+ rCorr}
  2423 | D:3      | Noticed LeprechaunX's ghost (amateur OpSh)
  2423 | D:3      | Noticed retardedninja's ghost (amateur GrFE)
  2599 | D:4      | Found a snail-covered altar of Cheibriados.
  2636 | D:4      | Noticed a scorpion
  2652 | D:4      | Killed a scorpion
  2653 | D:4      | Reached XP level 5. HP: 28/38 MP: 0/0
  2653 | D:4      | Learned a level 2 spell: Static Discharge
  2725 | D:4      | Reached XP level 6. HP: 29/43 MP: 0/0
  3022 | D:4      | Slain by an orc

Illustrated notes

Levels and vault maps discovered:
D:1:      dpeg_arrival_morbid_curiosity, layout_basic, serial_shops, shop_coins
D:2:      layout_basic, minmay_domino_2
D:3:      layout_loops_ring, gammafunk_ghost_cemetery
D:4:      layout_rooms, mainiacjoe_overflow_catwalk, feat_on_display

Skill      XL: |  1  2  3  4  5 |
---------------+----------------+-----
Long Blades    | 2 3 4 |  4.1
Spellcasting   | 3 4 |  4.1
Conjurations   | 3 4 |  4.1
Hexes          | 3 4 |  4.1
Summonings     | 3 4 |  4.1
Necromancy     | 3 4 |  4.1
Translocations | 3 4 |  4.1
Transmutations | 3 4 |  4.1
Fire Magic     | 3 4 |  4.1
Ice Magic      | 3 4 |  4.1
Air Magic      | 3 4 |  4.1
Earth Magic    | 3 4 |  4.1
Poison Magic   | 3 4 |  4.1
Fighting       | |  2.0
Throwing       | |  0.7
Armour         | |  1.0
Dodging        | |  2.1

Action                     |  1- 3 |  4- 6 || total
---------------------------+-------+-------++-------
  Melee: Falchion          |   134 |     4 ||   138
         Short sword       |       |   130 ||   130
  Throw: Dart              |     2 |       ||     2
   Cast: Blink             |     1 |       ||     1
         Lesser Beckoning  |     1 |       ||     1
    Use: Scroll            |       |     5 ||     5
 Armour: Leather armour    |    52 |       ||    52
         Plate armour      |    63 |       ||    63
         Chain mail        |       |   120 ||   120
  Dodge: Dodged            |    50 |    40 ||    90

Table legend: (Time is in decaauts)
 A = Elapsed time spent in this place.
 B = Non-inter-level travel time spent in this place.
 C = Inter-level travel time spent in this place.
 D = Time resting spent in this place.
 E = Time spent auto-exploring this place.
 F = Levels seen in this place.
 G = Mean time per level.
                   A        B        C        D        E       F      G
               +--------+--------+--------+--------+--------+-----+--------+
         Total |   3034 |   2960 |     74 |      2 |   2382 |   4 |  758.5 |
       Dungeon |   3034 |   2960 |     74 |      2 |   2382 |   4 |  758.5 |
               +--------+--------+--------+--------+--------+-----+--------+

Top non-repeatable levels by time:
     D:1: 1176 daAuts
     D:3: 759 daAuts
     D:2: 685 daAuts
     D:4: 412 daAuts
